 Dungeon Crawl Stone Soup version 0.23.2-1-ga50397a (webtiles) character file.

Game seed: 8196271281111816793

17061 krystol the Covert (level 12, -2/99 HPs)
             Began as a Formicid Enchanter on May 24, 2019.
             Was a Priest of Wu Jian.
             Slain by a blink frog (9 damage)
             ... on level 11 of the Dungeon on May 27, 2019.
             The game lasted 01:39:57 (26457 turns).

krystol the Covert (Formicid Enchanter)            Turns: 26457, Time: 01:39:58

Health: -2/99      AC:  5    Str: 13    XL:     12   Next: 77%
Magic:  0/24       EV: 12    Int: 19    God:    Wu Jian [***...]
Gold:   694        SH:  0    Dex: 12    Spells: 13/27 levels left

rFire    + . .     SeeInvis +   v - +1 dagger (flame)
rCold    + . .     Gourm    .   (no shield)
rNeg     . . .     Faith    .   x - +2 robe {rC+ rF+}
rPois    .         Spirit   +   (helmet unavailable)
rElec    .         Reflect  .   (no cloak)
rCorr    +         Harm     .   (no gloves)
MR       +....                  B - +0 pair of boots
Stlth    ++++++....             c - amulet of guardian spirit
HPRegen  0.26/turn              M - ring of resist corrosion
MPRegen  0.19/turn              g - ring of stealth

@: no status effects
A: permanent stasis, dig shafts and tunnels, four strong arms, antennae 3
a: Dig, Shaft Self, Wall Jump, Serpent's Lash, Renounce Religion


You were on level 11 of the Dungeon.
You worshipped Wu Jian.
Wu Jian was most pleased with you.
You were hungry.

You visited 2 branches of the dungeon, and saw 13 of its levels.

You collected 694 gold pieces.

Inventory:

Hand Weapons
 h - a cursed +3 great sword
 l - a +0 hunting sling
 o - a +0 spear
 s - a +1 battleaxe of flaming
 v - a +1 dagger of flaming (weapon)
 y - a +0 war axe
Missiles
 m - 54 sling bullets
 n - 290 stones (quivered)
Armour
 x - a +2 robe of resistance (worn)
 B - a +0 pair of boots (worn)
 L - a +0 chain mail of cold resistance
 O - a +0 pair of gloves
Magical Staves
 E - an uncursed staff of cold
Jewellery
 b - an uncursed amulet of magic regeneration
 c - an amulet of guardian spirit (around neck)
 g - a ring of stealth (right hand)
 q - a +5 ring of strength
 t - an uncursed ring of flight
 J - an uncursed ring of ice
 M - a ring of resist corrosion (left hand)
Wands
 f - a wand of polymorph (18)
 w - a wand of disintegration (2)
 z - a wand of random effects (19)
 I - a wand of clouds (1)
 N - a wand of flame (23)
Scrolls
 d - 4 scrolls of fog
 j - 2 scrolls of magic mapping
 r - 2 scrolls of enchant weapon
 C - 3 scrolls of enchant armour
 F - 4 scrolls of identify
Potions
 e - 9 potions of curing
 i - 2 potions of berserk rage
 k - a potion of magic {unknown}
 p - 7 potions of lignification
 A - 2 potions of mutation
 G - a potion of brilliance {unknown}
 H - a potion of cancellation {unknown}
 K - a potion of degeneration {unknown}
Comestibles
 u - 13 rations


   Skills:
 + Level 10.9 Fighting
 - Level 5.0 Short Blades
 + Level 6.0 Armour
 - Level 2.0 Dodging
 + Level 13.3 Stealth
 - Level 8.0 Spellcasting
 - Level 2.1 Conjurations
 - Level 11.0 Hexes
 - Level 0.8 Ice Magic


You had 13 spell levels left.
You knew the following spells:

 Your Spells              Type           Power        Failure   Level  Hunger
a - Confusing Touch       Hex            #####.       1%          1    None
b - Ensorcelled Hibernat  Hex/Ice        ####..       1%          2    None
c - Confuse               Hex            #####...     1%          3    None
d - Tukima's Dance        Hex            #####...     1%          3    None
e - Dazzling Spray        Conj/Hex       ####..       1%          3    None
f - Corona                Hex            #####..      1%          1    None
g - Animate Skeleton      Necr           N/A          9%          1    None

Your spell library contained the following spells:

 Spells                   Type           Power        Failure   Level  Hunger
 Cause Fear               Hex            #####.....   1%          4    ###....
 Portal Projectile        Hex/Tloc       ####..       2%          3    None
 Magic Dart               Conj           ###.         3%          1    None
 Searing Ray              Conj           ###...       6%          2    None
 Fulminant Prism          Conj/Hex       ####......   6%          4    ###....
 Apportation              Tloc           #.....       9%          1    None
 Beastly Appendage        Tmut           #.....       9%          1    None
 Summon Small Mammal      Summ           #...         9%          1    None
 Sticks to Snakes         Tmut           #.......     14%         2    None
 Gell's Gravitas          Tloc           #.........   26%         3    None
 Spider Form              Tmut/Pois      #.........   26%         3    None
 Silence                  Hex/Air        ####......   26%         5    #####..
 Yara's Violent Unravell  Hex/Tmut       ####......   26%         5    #####..
 Iskenderun's Mystic Bla  Conj           ###.....     36%         4    ###....
 Force Lance              Conj/Tloc      ##......     52%         4    ###....
 Ice Form                 Ice/Tmut       #.......     58%         4    ###....
 Blade Hands              Tmut           #.........   94%         5    #####..
 Deflect Missiles         Chrm/Air       #.........   100%        6    ######.
 Dispersal                Tloc           #.........   100%        6    ######.
 Discord                  Hex            #####.....   100%        8    #######
 Disjunction              Tloc           #.........   100%        8    #######
 Controlled Blink         Tloc           Unusable     N/A         8    N/A

Dungeon Overview and Level Annotations

Branches:
Dungeon (12/15)            Temple (0/1) D:5            Lair (1/6) D:11
    Orc (0/2) D:10

Altars:
Dithmenos
Elyvilon
Fedhas
Gozag
Kikubaaqudgha
Makhleb
Nemelex Xobeh
Okawaru
Sif Muna
Trog
Uskayaw
Vehumet
Wu Jian
Xom
Yredelemnul
Zin
The Shining One
Beogh

Shops:
D:9 [   D:10 =

Annotations:
D:12 exclusion: basilisk


Innate Abilities, Weirdness & Mutations

You cannot be hasted, slowed, berserked, paralysed or teleported.
You can dig through walls and to a lower floor.
Your four strong arms can wield two-handed weapons with a shield.
You have a pair of large antennae on your head. (SInv)


Message History

* * * LOW HITPOINT WARNING * * *
You spin and attack the blink frog.
You hit the blink frog. You burn the blink frog.
You kill the blink frog!
The Council accepts your kill.
Your Armour skill increases to level 6!
Casting: Confuse (safe; 1% risk of failure)
Confirm with . or Enter, or press ? or * to list all spells.
Aiming: Confuse (safe; 1% risk of failure)
Press: ? - help, Shift-Dir - straight line, f - blink frog
Aim: a blink frog (lightly wounded, chance to defeat MR: 55%)
The blink frog resists with significant effort.
The blink frog hits you!
* * * LOW HITPOINT WARNING * * *
The blink frog blinks!
Okay, then.
Unknown command.
As you read the scroll of fog, it crumbles to dust.
The scroll dissolves into smoke.
The blink frog hits you!
You die...

#####...#..................
#........##..#.#.#.#.#.#.#.
#........#................#
#.^...#.......#.#.#.#.#.#..
#.....###...........[......
#.....# ##.....#.#.#.#.#...
#.....# #.§...............
#.....# #§§§...#.#.#.#..##
#.....# #@§...........####
#.....####F§..)[........###
#............F.............
####.....###.......#.......
#..#...§§..#....#.......
###..#...#..#..##......#
#.##...##.#.#......###
#.........###.#....#
#≈.P.>...≈#...#....#


You could see 2 blink frogs.

Vanquished Creatures
  A hydra (D:11)
  2 two-headed ogres
  3 unseen horrors
  Pikel (D:3)
  An ugly thing (D:12)
  A cyclops (D:11)
  An oklob plant (D:11)
  2 centaur zombies
  A spiny frog (Lair:1)
  3 trolls
  2 blink frogs (D:11)
  4 hippogriffs
  A meliai zombie (D:11)
  A spriggan (D:10)
  20 yaks
  Eustachio (D:6)
  3 wyverns
  A hungry ghost (D:12)
  A steam dragon (D:10)
  Duvessa (D:6)
  2 orc warriors (D:11)
  2 sky beasts
  3 slaves (D:4)
  2 ice beasts
  2 phantoms (D:9)
  2 centaurs
  6 wolves
  4 ogres
  2 crocodiles
  2 big kobolds
  Blork the orc (D:6)
  6 bullfrogs
  Dowan (D:6)
  A wyvern skeleton (D:9)
  12 killer bees
  A scorpion (D:11)
  9 wights
  3 howler monkeys
  A crimson imp (D:11)
  A bullfrog skeleton (D:5)
  3 bullfrog zombies
  4 jellies
  7 orc priests
  3 centaur skeletons
  5 hounds
  2 iguanas
  9 orc wizards
  9 worker ants
  A hound skeleton (D:9)
  A worker ant zombie (D:5)
  2 howler monkey skeletons
  A gnoll (D:1)
  17 adders
  3 shadow imps
  An adder zombie (D:5)
  2 adder skeletons
  2 dart slugs (D:1)
  4 leopard geckos
  40 orcs
  A bat (D:2)
  5 giant cockroaches
  4 goblins
  7 hobgoblins
  8 jackals
  A quokka (D:5)
  5 frilled lizards
  10 kobolds
  5 rats
  A butterfly (Lair:1)
  8 plants
285 creatures vanquished.

Vanquished Creatures (collateral kills)
  An ice beast (D:11)
  An ogre (D:10)
  A wyvern skeleton (D:11)
  A leopard gecko (D:11)
  3 orcs (D:10)
  3 kobolds (D:11)
10 creatures vanquished.

Vanquished Creatures (others)
  5 plants
5 creatures vanquished.

Grand Total: 300 creatures vanquished

Notes
Turn   | Place    | Note
-------+----------+-------------------------------------------
     0 | D:1      | krystol the Formicid Enchanter began the quest for the Orb.
     0 | D:1      | Reached XP level 1. HP: 13/13 MP: 3/3
   240 | D:1      | Reached XP level 2. HP: 19/19 MP: 1/5
   305 | D:1      | Learned a level 2 spell: Ensorcelled Hibernation
   886 | D:1      | Reached XP level 3. HP: 21/24 MP: 1/6
  1156 | D:1      | Reached skill level 4 in Stealth
  2074 | D:2      | Reached XP level 4. HP: 30/30 MP: 8/8
  2205 | D:2      | Learned a level 3 spell: Confuse
  2209 | D:2      | Learned a level 3 spell: Tukima's Dance
  2941 | D:3      | Reached XP level 5. HP: 31/35 MP: 7/10
  3280 | D:3      | Found an ornate altar of the Wu Jian Council.
  3283 | D:3      | Found a glowing golden altar of the Shining One.
  3286 | D:3      | Found a blossoming altar of Fedhas.
  3287 | D:3      | Found an iron altar of Okawaru.
  3287 | D:3      | Found a deep blue altar of Sif Muna.
  3287 | D:3      | Found a white marble altar of Elyvilon.
  3294 | D:3      | Became a worshipper of the Wu Jian Council
  3527 | D:4      | Noticed a slave
  3877 | D:4      | Noticed Pikel
  3888 | D:4      | Noticed a slave
  3888 | D:4      | Noticed a slave
  3888 | D:4      | Noticed a slave
  4758 | D:4      | Killed a slave
  5510 | D:4      | Reached skill level 5 in Spellcasting
  5510 | D:4      | Reached XP level 6. HP: 41/41 MP: 9/13
  5600 | D:4      | Killed a slave
  5703 | D:4      | Found a basalt altar of Yredelemnul.
  5704 | D:4      | Found a radiant altar of Vehumet.
  5705 | D:4      | Found a shimmering altar of Xom.
  5714 | D:4      | Found a hide-covered altar of Uskayaw.
  5823 | D:4      | Killed a slave
  6516 | D:5      | Entered Level 5 of the Dungeon
  6539 | D:5      | Noticed a sky beast
  6572 | D:5      | Killed a sky beast
  7118 | D:5      | Reached XP level 7. HP: 46/46 MP: 15/15
  7215 | D:5      | Found a burning altar of Makhleb.
  7523 | D:5      | Found a sparkling altar of Nemelex Xobeh.
  7566 | D:5      | Reached skill level 1 in Fighting
  7913 | D:5      | Found a staircase to the Ecumenical Temple.
  8059 | D:5      | Found a shadowy altar of Dithmenos.
  8231 | D:5      | Reached skill level 5 in Hexes
  8361 | D:6      | Learned a level 3 spell: Dazzling Spray
  8693 | D:6      | Reached XP level 8. HP: 55/55 MP: 13/17
  8888 | D:6      | Noticed Blork the orc
  8916 | D:6      | Noticed Duvessa
  9068 | D:6      | Noticed Eustachio
  9081 | D:6      | Killed Eustachio
  9081 | D:6      | Reached skill level 5 in Stealth
  9081 | D:6      | Reached skill level 1 in Conjurations
  9302 | D:6      | Found an opulent altar of Gozag.
  9564 | D:7      | Noticed a hippogriff
  9585 | D:7      | Killed a hippogriff
  9728 | D:7      | Reached * piety under Wu Jian
 10407 | D:6      | Reached XP level 9. HP: 52/62 MP: 8/19
 11022 | D:7      | Reached skill level 6 in Stealth
 11398 | D:8      | Learned a level 1 spell: Animate Skeleton
 11400 | D:8      | Learned a level 1 spell: Confusing Touch
 11469 | D:8      | Noticed a two-headed ogre
 11587 | D:8      | Found a bloodstained altar of Trog.
 12091 | D:8      | Reached skill level 5 in Short Blades
 12284 | D:9      | Found Getal's Antique Armour Emporium.
 12284 | D:9      | Found an ancient bone altar of Kikubaaqudgha.
 12878 | D:9      | Reached skill level 7 in Stealth
 13113 | D:9      | Noticed a two-headed ogre
 13217 | D:9      | Reached skill level 5 in Fighting
 13217 | D:9      | Reached XP level 10. HP: 74/74 MP: 22/22
 13274 | D:9      | Reached skill level 8 in Stealth
 14025 | D:10     | Entered Level 10 of the Dungeon
 14286 | D:10     | Found a staircase to the Orcish Mines.
 14311 | D:10     | Noticed an unseen horror
 14319 | D:10     | Found a roughly hewn altar of Beogh.
 14321 | D:10     | Killed an unseen horror
 14321 | D:10     | Reached skill level 9 in Stealth
 14353 | D:10     | Reached ** piety under Wu Jian
 15237 | D:10     | Reached XP level 11. HP: 84/84 MP: 8/23
 15541 | D:10     | Reached skill level 10 in Stealth
 15855 | D:10     | Found Ryupn's Jewellery Shoppe.
 16022 | D:10     | Reached skill level 10 in Hexes
 16057 | D:11     | Noticed a five-headed hydra
 16121 | D:11     | Noticed a cyan ugly thing
 16363 | D:11     | Noticed a cyclops
 17170 | D:11     | Reached *** piety under Wu Jian
 17381 | D:10     | HP: 4/87 [cyan ugly thing (13)]
 18003 | D:9      | Killed a two-headed ogre
 18003 | D:9      | Reached skill level 11 in Stealth
 18311 | D:3      | Found an ornate altar of the Wu Jian Council.
 18312 | D:3      | Found an iron altar of Okawaru.
 18314 | D:3      | Found a white marble altar of Elyvilon.
 18314 | D:3      | Found a glowing golden altar of the Shining One.
 18319 | D:3      | Found a blossoming altar of Fedhas.
 18320 | D:3      | Found a deep blue altar of Sif Muna.
 18444 | D:3      | Killed Pikel
 18822 | D:4      | Found a basalt altar of Yredelemnul.
 18864 | D:4      | Found a radiant altar of Vehumet.
 18868 | D:4      | Found a shimmering altar of Xom.
 18885 | D:4      | Found a hide-covered altar of Uskayaw.
 19240 | D:6      | Killed Blork the orc
 19240 | D:6      | Noticed Dowan
 19252 | D:6      | Killed Duvessa
 19257 | D:6      | Killed Dowan
 19613 | D:8      | Killed a two-headed ogre
 19622 | D:8      | Found a glowing silver altar of Zin.
 20854 | D:11     | Noticed an unseen horror
 20866 | D:11     | Killed an unseen horror
 20866 | D:11     | Reached skill level 1 in Armour
 20937 | D:11     | Killed a cyclops
 21227 | D:11     | Reached skill level 12 in Stealth
 21227 | D:11     | Reached XP level 12. HP: 62/96 MP: 14/24
 21482 | D:11     | You fall through a shaft!
 21618 | D:12     | Noticed an unseen horror
 21629 | D:12     | Killed an unseen horror
 22083 | D:11     | Reached skill level 10 in Fighting
 22170 | D:11     | Noticed an ettin
 22599 | D:11     | Found a staircase to the Lair.
 23207 | D:11     | Killed a five-headed hydra
 23657 | D:12     | Reached skill level 5 in Armour
 23895 | Lair:1   | Entered Level 1 of the Lair of Beasts
 24001 | D:11     | Reached skill level 13 in Stealth
 24353 | D:11     | HP: 3/98 [yak (11)]
 24360 | D:11     | HP: 4/98 [yak (7)]
 26457 | D:11     | Slain by a blink frog

Skill      XL: |  1  2  3  4  5  6  7  8  9 10 11 12 |
---------------+-------------------------------------+-----
Dodging        | 2 |  2.0
Stealth        | 4 5 7 9 12 13 | 13.3
Hexes          | 4 5 7 9 11 | 11.0
Spellcasting   | 3 5 6 7 8 |  8.0
Short Blades   | 3 4 5 |  5.0
Fighting       | 1 2 5 7 9 10 | 10.9
Conjurations   | 2 |  2.1
Armour         | 2 6 |  6.0
Ice Magic      | |  0.8

Action                   |  1- 3 |  4- 6 |  7- 9 | 10-12 || total
-------------------------+-------+-------+-------+-------++-------
Melee: Dagger            |    74 |   219 |   372 |   665 ||  1330
       Battleaxe         |       |       |       |    52 ||    52
Throw: Stone             |       |    15 |     1 |     4 ||    20
 Cast: Corona            |    16 |    24 |    11 |     1 ||    52
       Ensorcelled Hiber |     6 |    17 |    22 |    70 ||   115
       Confuse           |       |    40 |    40 |    77 ||   157
       Animate Skeleton  |       |       |     2 |    28 ||    30
       Dazzling Spray    |       |       |     1 |       ||     1
       Confusing Touch   |       |       |       |    27 ||    27
Invok: Lunge             |       |    34 |    45 |    99 ||   178
       Whirlwind         |       |       |    59 |   119 ||   178
 Abil: Dig               |       |       |     1 |       ||     1
Evoke: Wand              |       |       |       |    10 ||    10
  Use: Scroll            |       |     9 |     2 |    14 ||    25
       Potion            |       |       |     3 |     6 ||     9
 Stab: Sleeping          |     7 |    17 |    35 |    57 ||   116
       Confused          |       |    12 |    20 |    62 ||    94
       Distracted        |       |       |       |     1 ||     1
  Eat: Chunk             |     1 |     9 |    14 |    28 ||    52
       Ration            |     1 |     3 |     2 |     4 ||    10
Armor: Robe              |     4 |    25 |    35 |    83 ||   147
       Skin              |       |       |       |     6 ||     6
Dodge: Dodged            |    45 |   114 |   189 |   307 ||   655
